 Dungeon Crawl Stone Soup version 0.18.1-48-g4cf74bf (webtiles) character file.

328 Krovax1 the Bolt Thrower (level 6, 0/47 HPs)
             Began as a Demonspawn Wanderer on July 19, 2016.
             Was a Priest of Makhleb.
             Slain by a gnoll
             ... wielding a +0 spear
              (3 damage)
             ... on level 3 of the Dungeon on July 20, 2016.
             The game lasted 00:43:25 (3727 turns).

Krovax1 the Bolt Thrower (Demonspawn Wanderer)      Turns: 3727, Time: 00:43:25

Health: 0/47       AC: 10    Str: 17    XL:     6   Next: 25%
Magic:  7/7        EV: 10    Int: 15    God:    Makhleb [***...]
Gold:   216        SH:  2    Dex: 13    Spells: 0 memorised, 5 levels left

rFire  . . .     SeeInvis +     g - +0 whip
rCold  + . .     Gourm    .     b - +2 ring mail {rC+}
rNeg   . . .     Faith    .     (no shield)
rPois  .         Spirit   .     (helmet unavailable)
rElec  .         Dismiss  .     (no cloak)
rCorr  .         Reflect  +     (no gloves)
SustAt .         Harm     .     q - +2 pair of boots
MR     .....                    u - +2 amulet of reflection
Stlth  +.........               (no ring)
                                (no ring)

@: mighty, about to teleport, drained, not resistant to hostile enchantments,
very unstealthy
A: antennae 3
a: Minor Destruction, Lesser Servant of Makhleb, Renounce Religion


You were on level 3 of the Dungeon.
You worshipped Makhleb.
Makhleb was most pleased with you.
You were not hungry.

You visited 1 branch of the dungeon, and saw 4 of its levels.

You collected 216 gold pieces.

Inventory:

Hand Weapons
 c - a +0 hand crossbow
 g - a +0 whip (weapon)
 i - a +0 club
 n - a +0 mace
Missiles
 d - 19 bolts
Armour
 a - a +2 scale mail
 b - a +2 ring mail of cold resistance (worn)
 q - a +2 pair of boots (worn)
Jewellery
 u - a +2 amulet of reflection (around neck)
Wands
 v - a wand of lightning (0/15)
Scrolls
 e - 2 scrolls of identify
 j - 3 scrolls of remove curse
 p - a scroll of magic mapping
 r - a scroll of teleportation
 s - a scroll of random uselessness
 t - a scroll of fog
Potions
 l - a potion of magic {unknown}
 w - 3 potions of haste {unknown}
 x - a potion of agility
Comestibles
 f - 2 bread rations
 h - 2 slices of pizza
 k - 2 beef jerkies
 m - 4 chunks of flesh


   Skills:
 + Level 3.6(2.5) Fighting
 * Level 2.0(1.0) Maces & Flails
 - Level 4.4(3.2) Crossbows
 - Level 1.0(0.0) Throwing
 + Level 3.0(1.9) Armour
 - Level 0.1(0.0) Dodging
   Level 1.0(0.0) Shields
 + Level 2.0(0.9) Invocations


You had 5 spell levels left.
You didn't know any spells.

Dungeon Overview and Level Annotations

Branches:
Dungeon (4/15)             Temple (0/1) D:4

Altars:
Dithmenos
Makhleb
Vehumet

Annotations:
D:3 exclusions: Terence and 13 more exclusions, Grinder


Innate Abilities, Weirdness & Mutations

You have a pair of large antennae on your head (SInv).


Message History

The gnoll hits you from afar with a spear.
* * * LOW HITPOINT WARNING * * *
The hobgoblin closely misses you.
You closely miss the gnoll.
The gnoll is severely wounded.
The gnoll hits you but does no damage.
The hobgoblin hits you but does no damage.
The gnoll hits you but does no damage. x2
The gnoll hits you from afar with a spear.
* * * LOW HITPOINT WARNING * * *
As you read the scroll of teleportation, it crumbles to dust.
You feel strangely unstable.
The hobgoblin hits you but does no damage.
The hobgoblin barely misses you. The gnoll hits you with a halberd.
* * * LOW HITPOINT WARNING * * *
The gnoll barely misses you.
The gnoll hits you but does no damage. x2
The gnoll completely misses you.
The hobgoblin hits you but does no damage.
The gnoll hits you from afar with a spear.
You die...

##### #$$$######## #############
#gg$#......## ##.....#......
#g{$#.....g@###......'......
#'##....gggg#.......#######
#.†......g..#.....).......)
#..........g)............))
#.........))#(............)
##'##........#.......#######
≈≈≈≈≈#...#.......###......'...)..
≈≈≈≈≈#...#......## ##.....#......
≈≈≈≈≈#...########################


You could see 5 gnolls and 2 hobgoblins.

Vanquished Creatures
  A howler monkey (D:4)
  An orc wizard (D:3)
  Ijyb (D:3)
  Terence (D:3)
  An iguana (D:3)
  2 gnolls (D:3)
  3 adders (D:3)
  3 oozes
  2 dart slugs
  10 orcs
  6 giant cockroaches
  29 goblins
  17 hobgoblins
  7 jackals
  3 quokkas
  A ball python (D:1)
  5 bats
  2 giant newts
  4 kobolds
  10 rats
109 creatures vanquished.

Vanquished Creatures (others)
  A goblin (D:3)
1 creature vanquished.

Grand Total: 110 creatures vanquished

Notes
Turn   | Place    | Note
--------------------------------------------------------------
     0 | D:1      | Krovax1 the Demonspawn Wanderer began the quest for the Orb.
     0 | D:1      | Krovax1 set off with: a +2 scale mail, a potion of lignification, a +0 hand crossbow, 26 bolts, a bread ration
     0 | D:1      | Reached XP level 1. HP: 18/18 MP: 1/1
   418 | D:1      | Gained mutation: You have a pair of small antennae on your head. [demonic ancestry]
   418 | D:1      | Reached XP level 2. HP: 24/24 MP: 2/2
   549 | D:1      | Reached skill level 2 in Crossbows
   939 | D:2      | Gained mutation: You have a pair of antennae on your head. [demonic ancestry]
   939 | D:2      | Reached XP level 3. HP: 29/29 MP: 3/3
   944 | D:2      | Found a faded altar to an unknown god.
   953 | D:2      | Found a radiant altar of Vehumet.
   953 | D:2      | Found a burning altar of Makhleb.
   976 | D:2      | Became a worshipper of Makhleb the Destroyer
  1014 | D:2      | Found a shadowy altar of Dithmenos.
  1172 | D:2      | Reached skill level 3 in Crossbows
  1523 | D:3      | Noticed Terence
  1614 | D:3      | Reached skill level 1 in Invocations
  1614 | D:3      | Gained mutation: You have a pair of large antennae on your head (SInv). [demonic ancestry]
  1614 | D:3      | Reached XP level 4. HP: 35/35 MP: 3/5
  1676 | D:3      | Noticed Ijyb
  1684 | D:3      | Reached * piety under Makhleb
  1711 | D:3      | Killed Ijyb
  2069 | D:3      | Reached XP level 5. HP: 41/41 MP: 6/6
  2110 | D:3      | Reached skill level 4 in Crossbows
  2212 | D:3      | Noticed Grinder
  2212 | D:3      | Paralysed by Grinder for 2 turns
  2517 | D:4      | Found a staircase to the Ecumenical Temple.
  2612 | D:4      | Reached ** piety under Makhleb
  2894 | D:3      | Killed Terence
  3029 | D:3      | Reached XP level 6. HP: 47/47 MP: 7/7
  3612 | D:3      | Reached *** piety under Makhleb
  3727 | D:3      | Slain by a gnoll

Skill      XL: |  1  2  3  4  5  6 |
---------------+-------------------+-----
Armour         | 2 3 |  3.0
Crossbows      | 2 3 4 |  4.4
Invocations    | 1 2 |  2.0
Maces & Flails | 2 |  2.0
Fighting       | |  3.6
Throwing       | |  1.0
Dodging        | |  0.1
Shields        | |  1.0

Action                   |  1- 3 |  4- 6 || total
-------------------------+-------+-------++-------
Melee: Club              |    43 |       ||    43
       Whip              |       |   157 ||   157
 Fire: Hand crossbow     |   100 |   104 ||   204
Evoke: Wand              |       |     1 ||     1
  Use: Potion            |     1 |     2 ||     3
       Scroll            |     3 |     7 ||    10
  Eat: Chunk             |     2 |     5 ||     7
       Fruit             |       |     1 ||     1
       Beef jerky        |       |     1 ||     1
Armor: Scale mail        |    64 |       ||    64
       Skin              |    16 |       ||    16
       Ring mail         |    19 |   178 ||   197
Dodge: Dodged            |    48 |   214 ||   262
Block: Other             |       |    24 ||    24
       Reflection        |       |     2 ||     2
